 Dungeon Crawl Stone Soup version 0.17.1-2-g5865329 (webtiles) character file.

27300 nuller26 the Covert (level 13, -34/68 HPs)
             Began as a Spriggan Enchanter on Feb 3, 2016.
             Was the Champion of Dithmenos.
             Killed from afar by a deep elf knight (39 damage)
             ... with a shard of ice
             ... on level 1 of the Elven Halls.
             The game lasted 01:26:36 (17703 turns).

nuller26 the Covert (Spriggan Enchanter)           Turns: 17703, Time: 01:26:36

Health: -34/68     AC:  7    Str:  4    XL:     13   Next: 3%
Magic:  24/37      EV: 35    Int: 21    God:    Dithmenos [******]
Gold:   96         SH:  6    Dex: 21    Spells: 3 memorised, 26 levels left

rFire  . . .     SeeInvis +     o - +11 dagger of the Elven Halls {venom, Dex+4}
rCold  . . .     Clarity  .     P - +1 robe {MR+}
rNeg   . . .     SustAt   .     A - +0 buckler
rPois  +         Gourm    .     (helmet restricted)
rElec  .         Spirit   .     q - +0 cloak "Kifekode" {rPois MP+9}
rCorr  .         Warding  .     (gloves unavailable)
rMut   .         Stasis   .     (boots unavailable)
MR     +++..                    k - amulet of rage
Stlth  ++++++++++               i - +3 ring of protection
                                g - +5 ring of evasion

@: wreathed by umbra, drained, very quick, extremely resistant to hostile
enchantments, uncannily stealthy
A: unfitting armour, see invisible, herbivore 3, speed 3, slow metabolism 2
a: Shadow Step, Shadow Form, Renounce Religion, Evoke Berserk Rage


You were on level 1 of the Elven Halls.
You worshipped Dithmenos.
Dithmenos was exalted by your worship.
You were not hungry.

You visited 4 branches of the dungeon, and saw 16 of its levels.

You collected 1787 gold pieces.
You spent 1691 gold pieces at shops.

Inventory:

Hand Weapons
 o - the +11 dagger of the Elven Halls (weapon) {venom, Dex+4}
   (You found it on level 6 of the Dungeon)

   It poisons the flesh of those it strikes.
   It affects your dexterity (+4).
 r - a +3 rapier
 C - a +3 rapier of electrocution
 F - a +2 short sword of electrocution
Armour
 q - the +0 cloak "Kifekode" (worn) {rPois MP+9}
   (You found it on level 4 of the Dungeon)

   It protects you from poison.
   It affects your magic capacity (+9).
 s - a +2 robe of cold resistance
 A - a +0 buckler (worn)
 P - a +1 robe of magic resistance (worn)
Magical Staves
 w - an uncursed staff of poison {unknown}
Jewellery
 g - a +5 ring of evasion (left hand)
 i - a +3 ring of protection (right hand)
 k - an amulet of rage (around neck)
Wands
 b - a wand of magic darts (32)
 j - a wand of frost (22)
 t - a wand of draining (6)
 v - a wand of digging (4)
 x - a wand of disintegration (10)
 E - a wand of frost (26)
 I - a wand of cold (5)
 N - a wand of flame (28)
Scrolls
 a - a scroll of noise
 y - 5 scrolls of recharging
 z - 2 scrolls of magic mapping
 G - 3 scrolls of remove curse
 M - a scroll of immolation
Potions
 f - 3 potions of lignification
 h - 3 potions of haste
 m - 2 potions of poison
 n - 4 potions of agility
 B - a potion of might
 H - a potion of brilliance
Books
 c - a book of Maledictions

   Spells                             Type                      Level
   a - Corona                         Hexes                        1
   b - Ensorcelled Hibernation        Hexes/Ice                    2
   c - Confuse                        Hexes                        3
   d - Tukima's Dance                 Hexes                        3
   e - Dazzling Spray                 Conjuration/Hexes            3
 e - a book of Ice

   Spells                             Type                      Level
   a - Ice Form                       Ice/Transmutation            4
   b - Metabolic Englaciation         Hexes/Ice                    5
   c - Ozocubu's Refrigeration        Ice                          6
   d - Bolt of Cold                   Conjuration/Ice              6
   e - Freezing Cloud                 Conjuration/Ice/Air          6
   f - Simulacrum                     Ice/Necromancy               6
 J - a book of Maledictions

   Spells                             Type                      Level
   a - Corona                         Hexes                        1
   b - Ensorcelled Hibernation        Hexes/Ice                    2
   c - Confuse                        Hexes                        3
   d - Tukima's Dance                 Hexes                        3
   e - Dazzling Spray                 Conjuration/Hexes            3
Miscellaneous
 l - a lantern of shadows
 K - a stone of tremors
Comestibles
 d - 6 bread rations
 u - a slice of pizza
 D - 4 fruits
 L - a royal jelly


   Skills:
 - Level 7.8(7.4) Fighting
 - Level 11.5(11.1) Short Blades
 * Level 12.4(11.9) Dodging
 + Level 13.6(13.2) Stealth
 - Level 0.4(0.1) Shields
 - Level 10.0(9.6) Spellcasting
 - Level 11.4(10.9) Hexes
 - Level 1.0(0.6) Ice Magic
 - Level 0.2(0.0) Invocations
 - Level 0.6(0.3) Evocations


You had 26 spell levels left.
You knew the following spells:

 Your Spells              Type           Power        Failure   Level  Hunger
a - Corona                Hex            ######.      1%          1    None
b - Ensorcelled Hibernat  Hex/Ice        ####..       1%          2    None
c - Confuse               Hex            ######..     1%          3    None


Dungeon Overview and Level Annotations

Branches:
Dungeon (10/15)            Temple (1/1) D:4             Orc (4/4) D:10
    Elf (1/3) Orc:3
   Lair: D:8-11

Altars:
Ashenzari
Cheibriados
Dithmenos
Elyvilon
Fedhas
Gozag
Kikubaaqudgha
Makhleb
Nemelex Xobeh
Okawaru
Qazlal
Ru
Sif Muna
Trog
Vehumet
Xom
Yredelemnul
Zin
The Shining One
Beogh

Shops:
D:7 (   Orc:4 (*}*


Innate Abilities, Weirdness & Mutations

You are tiny and cannot use many weapons and most armour.
You have supernaturally acute eyesight.
You are a herbivore.
You cover ground extremely quickly.
You need consume almost no food.


Message History

As you read the scroll of magic mapping, it crumbles to dust.
You feel aware of your surroundings.
You sensed 1 shop/portal.
The deep elf knight shouts!
The deep elf knight mumbles some strange words.
The deep elf knight flickers and vanishes for a moment.
The deep elf knight points at you and mumbles some strange words.
The shard of ice hits you!
* * * LOW HITPOINT WARNING * * *
The deep elf mage shouts!
The deep elf knight casts a spell at you.
The shard of ice misses you.
The deep elf conjurer shouts!
The deep elf mage misses you.
The deep elf knight casts a spell.
The deep elf knight seems to speed up.
The deep elf summoner shouts!
The deep elf mage shouts!
The deep elf knight gestures at you while chanting.
The shard of ice hits you!
Ouch! That really hurt!
You die...

,,*,,*,,*#..♣.♣..#*
,,,,,,,,8#........##
,,,,,,,,8#.........#
***,,****#.......♣.#
,,*88*,,,#...⌠.....#
*********#.......♣.#
,,,* *,...e.eee..#
,,,* **...ee....##
*,,* **+#..♣$♣.@##
**** **,**#.(...##
**,***,** ###+##*
,,,,,+** *,*
,,,,,,,* *,*
,,,,,,,* *,*
,,,,,,,* *,*
,,,,,,,* *,*
,,,,,,,* *,*


You could see 2 deep elf knights, a deep elf summoner, a deep elf conjurer and 2
deep elf magi.

Vanquished Creatures
  An orc warlord (Orc:4)
  Nessos (Orc:3)
  Harold (Orc:3)
  A centaur warrior (D:10)
  5 orc high priests (Orc:4)
  An unseen horror (D:10)
  A hill giant (D:10)
  A deep elf conjurer (Elf:1)
  4 orc knights
  An oklob plant (Orc:2)
  7 orc sorcerers
  4 trolls
  A deep elf priest (Elf:1)
  Grinder (D:3)
  4 two-headed ogres
  Sigmund (D:3)
  5 yaks (D:10)
  4 deep elf magi
  A wyvern (D:10)
  Eustachio (D:6)
  3 deep elf fighters
  2 hungry ghosts
  A warg (Orc:2)
  Menkaure (D:5)
  Edmund (D:4)
  Duvessa (D:7)
  2 sky beasts (D:10)
  2 black bears
  A wasp (D:10)
  40 orc warriors
  A phantom (D:4)
  4 centaurs
  11 ogres
  4 ice beasts
  Blork the orc (D:4)
  12 giant frogs
  A gnoll sergeant (D:7)
  A wyvern zombie (D:7)
  2 scorpions
  Dowan (D:7)
  A killer bee (D:10)
  2 jellies
  3 giant frog zombies
  A centaur zombie (D:8)
  2 quasits (D:8)
  8 crimson imps
  A gnoll shaman (D:9)
  6 iguanas
  29 orc priests
  A centaur skeleton (D:9)
  3 hounds
  9 orc wizards
  Natasha (thrice) (D:3)
  8 worker ants
  A hound zombie (D:8)
  2 hound skeletons
  A worker ant zombie (D:5)
  Robin (D:2)
  10 gnolls
  11 adders
  2 adder skeletons
  3 worms
  145 orcs
  A ball python (D:3)
  3 bats
  8 giant cockroaches
  11 hobgoblins
  8 quokkas
  A giant cockroach zombie (D:5)
  9 giant geckos
  5 giant newts
  14 goblins
  6 jackals
  5 kobolds
  A quokka skeleton (D:8)
  A quokka zombie (D:8)
  4 rats
468 creatures vanquished.

Vanquished Creatures (others)
  A deep elf mage (Elf:1)
  An orc (Orc:4)
2 creatures vanquished.

Grand Total: 470 creatures vanquished

Notes
Turn   | Place    | Note
--------------------------------------------------------------
     0 | D:1      | nuller26 the Spriggan Enchanter began the quest for the Orb.
     0 | D:1      | Reached XP level 1. HP: 9/9 MP: 5/5
   312 | D:1      | Reached skill level 5 in Stealth
   312 | D:1      | Reached XP level 2. HP: 13/13 MP: 4/6
   316 | D:1      | Learned a level 2 spell: Ensorcelled Hibernation
   959 | D:2      | Found an ancient bone altar of Kikubaaqudgha.
   984 | D:2      | Noticed Robin
   997 | D:2      | Reached XP level 3. HP: 12/16 MP: 0/8
  1035 | D:2      | Killed Robin
  1037 | D:2      | Reached skill level 6 in Stealth
  1111 | D:2      | Found a sparkling altar of Nemelex Xobeh.
  1199 | D:2      | Reached XP level 4. HP: 13/21 MP: 6/9
  1413 | D:2      | Found a radiant altar of Vehumet.
  1882 | D:3      | Noticed Sigmund
  1887 | D:3      | Killed Sigmund
  1887 | D:3      | Reached skill level 1 in Fighting
  1887 | D:3      | Reached skill level 7 in Stealth
  1887 | D:3      | Reached skill level 1 in Ice Magic
  1887 | D:3      | Reached XP level 5. HP: 17/25 MP: 4/10
  2159 | D:3      | Noticed Natasha
  2164 | D:3      | Killed Natasha
  2164 | D:3      | Reached XP level 6. HP: 30/30 MP: 11/11
  2180 | D:3      | Noticed Natasha
  2209 | D:3      | Noticed Grinder
  2221 | D:3      | Killed Grinder
  2221 | D:3      | Reached skill level 5 in Short Blades
  2221 | D:3      | Reached skill level 9 in Stealth
  2256 | D:3      | Killed Natasha
  3178 | D:3      | Noticed Natasha
  3187 | D:3      | Killed Natasha
  3246 | D:4      | Reached XP level 7. HP: 33/33 MP: 8/12
  3308 | D:4      | Got a polished cloak
  3314 | D:4      | Identified the +0 cloak "Kifekode" {rPois MP+9} (You found it on level 4 of the Dungeon)
  3314 | D:4      | Found a staircase to the Ecumenical Temple.
  3324 | Temple   | Entered the Ecumenical Temple
  3595 | Temple   | Became a worshipper of Dithmenos the Shadowed
  3851 | D:4      | Found a basalt altar of Yredelemnul.
  3860 | D:4      | Reached skill level 10 in Stealth
  4047 | D:4      | Noticed Blork the orc
  4055 | D:4      | Killed Blork the orc
  4095 | D:4      | Noticed Edmund
  4105 | D:4      | Killed Edmund
  4171 | D:4      | Found a glowing silver altar of Zin.
  4171 | D:4      | Found a snail-covered altar of Cheibriados.
  4263 | D:5      | Entered Level 5 of the Dungeon
  4282 | D:5      | Reached skill level 5 in Hexes
  4320 | D:5      | Reached XP level 8. HP: 37/37 MP: 16/16
  4680 | D:5      | Reached * piety under Dithmenos
  4942 | D:5      | Found a bloodstained altar of Trog.
  5084 | D:5      | Noticed Menkaure
  5132 | D:5      | Learned a level 3 spell: Confuse
  5152 | D:5      | Killed Menkaure
  5341 | D:6      | Got an iridescent dagger
  5342 | D:6      | Identified the +11 dagger of the Elven Halls {venom, Dex+4} (You found it on level 6 of the Dungeon)
  5374 | D:6      | Reached skill level 5 in Dodging
  5623 | D:6      | Noticed Eustachio
  5636 | D:6      | Killed Eustachio
  5922 | D:6      | Reached XP level 9. HP: 36/42 MP: 17/17
  6494 | D:7      | Noticed Duvessa
  6495 | D:7      | Noticed Dowan
  6509 | D:7      | Killed Dowan
  6509 | D:7      | Reached ** piety under Dithmenos
  6520 | D:7      | Killed Duvessa
  6772 | D:7      | Found Rottaka's Antique Weapon Emporium.
  7167 | D:8      | Reached skill level 10 in Dodging
  7649 | D:8      | Reached skill level 11 in Stealth
  8603 | D:9      | Reached skill level 12 in Stealth
  8603 | D:9      | Reached XP level 10. HP: 49/49 MP: 18/18
  8689 | D:10     | Entered Level 10 of the Dungeon
  8713 | D:10     | Noticed a hill giant
  8736 | D:10     | Killed a hill giant
  9018 | D:10     | Noticed an unseen horror
  9039 | D:10     | Killed an unseen horror
  9241 | D:10     | Noticed a centaur warrior
  9276 | D:10     | Killed a centaur warrior
  9276 | D:10     | Reached skill level 5 in Fighting
  9276 | D:10     | Reached skill level 10 in Short Blades
  9622 | D:10     | Found an opulent altar of Gozag.
  9729 | D:10     | Reached XP level 11. HP: 38/56 MP: 10/19
  9863 | D:10     | Reached *** piety under Dithmenos
 10025 | D:10     | Found a staircase to the Orcish Mines.
 10217 | D:10     | Noticed an orc knight
 10225 | D:10     | Killed an orc knight
 10598 | Orc:1    | Entered Level 1 of the Orcish Mines
 10610 | Orc:1    | Noticed an ice devil
 10978 | Orc:1    | Reached **** piety under Dithmenos
 11520 | Orc:2    | Reached skill level 5 in Spellcasting
 11841 | Orc:3    | Found a staircase to the Elven Halls.
 12013 | Orc:3    | Noticed Harold
 12017 | Orc:3    | Killed Harold
 12026 | Orc:3    | Noticed Nessos
 12028 | Orc:3    | Killed Nessos
 12201 | Orc:4    | Entered Level 4 of the Orcish Mines
 12417 | Orc:4    | Reached ***** piety under Dithmenos
 12754 | Orc:4    | Noticed an orc high priest
 12758 | Orc:4    | Killed an orc high priest
 12890 | Orc:4    | Found a roughly hewn altar of Beogh.
 12928 | Orc:4    | Reached XP level 12. HP: 63/63 MP: 24/24
 13194 | Orc:4    | Reached skill level 10 in Hexes
 13285 | Orc:4    | Found Bakar's Assorted Antiques.
 13295 | Orc:4    | Bought a gold wand for 136 gold pieces
 13295 | Orc:4    | Bought a leatherbound book for 510 gold pieces
 13304 | Orc:4    | Found Aclykhlegh's Gadget Shop.
 13639 | Orc:4    | Bought a wand of frost (22) for 120 gold pieces
 13639 | Orc:4    | Bought a lantern of shadows for 200 gold pieces
 13862 | Orc:4    | Found Itoluk's Antique Weapon Shop.
 13863 | Orc:4    | Noticed an orc high priest
 15200 | Orc:4    | Noticed an orc high priest
 15209 | Orc:4    | Noticed an orc warlord
 15379 | Orc:4    | Killed an orc warlord
 15508 | Orc:4    | Reached skill level 10 in Spellcasting
 15798 | Orc:4    | Found a roughly hewn altar of Beogh.
 16364 | Orc:4    | Killed an orc high priest
 16378 | Orc:4    | Reached ****** piety under Dithmenos
 16509 | Orc:4    | Noticed an orc high priest
 16514 | Orc:4    | Found Tiatus's Assorted Antiques.
 16550 | Orc:4    | Killed an orc high priest
 16550 | Orc:4    | Reached skill level 13 in Stealth
 16949 | Orc:4    | Bought a book of Maledictions for 725 gold pieces
 17011 | Orc:4    | Killed an orc high priest
 17055 | Orc:4    | Noticed an orc high priest
 17149 | Orc:4    | Killed an orc high priest
 17623 | Elf:1    | Entered Level 1 of the Elven Halls
 17658 | Elf:1    | Found a radiant altar of Vehumet.
 17675 | Elf:1    | Reached XP level 13. HP: 68/68 MP: 28/28
 17703 | Elf:1    | Killed from afar by a deep elf knight

Action                   |  1- 3 |  4- 6 |  7- 9 | 10-12 | 13-15 || total
-------------------------+-------+-------+-------+-------+-------++-------
Melee: Dagger            |   141 |   112 |   351 |   722 |    10 ||  1336
 Cast: Corona            |     3 |       |    21 |       |       ||    24
       Ensorcelled Hiber |     4 |    18 |    57 |   185 |     6 ||   270
       Confuse           |       |       |    10 |       |       ||    10
Invok: Shadow Step       |       |       |     3 |       |       ||     3
 Abil: Evoke Berserk Rag |       |       |     1 |       |       ||     1
Evoke: Wand              |       |       |       |     3 |       ||     3
  Use: Scroll            |     4 |     3 |     8 |    13 |     2 ||    30
       Potion            |     3 |     2 |     5 |     7 |       ||    17
 Stab: Sleeping          |    11 |    18 |    57 |   100 |     1 ||   187
       Confused          |       |       |     4 |       |       ||     4
       Fleeing           |       |       |       |     1 |       ||     1
       Distracted        |       |       |       |     7 |       ||     7
  Eat: Bread ration      |       |     1 |     2 |     1 |       ||     4
